 Dungeon Crawl Stone Soup version 0.27-a0-1365-ge71e8f7681 (webtiles) character file.

Game seed: 10125268899231362359

158 Nattfarinn the Changer (level 5, 0/41 HPs)
             Began as a Merfolk Transmuter on June 28, 2021.
             Killed by divine providence
             ... invoked by an orc priest
              (15 damage)
             ... on level 4 of the Dungeon.
             The game lasted 00:07:56 (4013 turns).

Nattfarinn the Changer (Merfolk Transmuter)         Turns: 4013, Time: 00:07:57

Health: 0/41       AC:  3    Str: 11    XL:     5   Next: 39%
Magic:  8/8        EV: 12    Int: 13    God:
Gold:   135        SH:  0    Dex: 14    Spells: 4/8 levels left

rFire    . . .     SeeInvis .     - Unarmed
rCold    . . .     Faith    .   (no shield)
rNeg     . . .     Spirit   .   a - +0 robe
rPois    +         Reflect  .   (helmet currently unavailable)
rElec    .         Harm     .   e - +0 cloak
rCorr    .         Rampage  .   (no gloves)
Will     .....                  (boots currently unavailable)
Stlth    +.........             (no amulet)
HPRegen  0.13/turn              h - ring of poison resistance
MPRegen  0.11/turn              (no ring)

@: appendages (expiring)
A: horns 2, (nimble swimmer 2), mertail
a: End Transformation


You were on level 4 of the Dungeon.
You had temporarily grown beastly horns.
You visited 1 branch of the dungeon, and saw 4 of its levels.

You collected 135 gold pieces.

Inventory:

Hand Weapons
 b - a +0 short sword
Armour
 a - a +0 robe (worn)
 e - a +0 cloak (worn)
Jewellery
 h - a ring of poison resistance (left hand)
 k - a ring of fire
Wands
 j - a wand of acid (8)
Scrolls
 c - a scroll of magic mapping {unknown}
 g - 2 scrolls of teleportation
Potions
 i - a potion of brilliance


   Skills:
 - Level 3.2 Fighting
 - Level 2.6 Dodging
 + Level 4.1 Unarmed Combat
 - Level 2.0 Spellcasting
 + Level 4.8 Transmutations
 * Level 1.3 Poison Magic


You had 4 spell levels left.
You knew the following spells:

 Your Spells              Type           Power      Damage    Failure   Level
a - Beastly Appendage     Tmut           26%        N/A       3%          1
b - Spider Form           Tmut/Pois      4%         N/A       22%         3

Your spell library contained the following spells:

 Spells                   Type           Power      Damage    Failure   Level
 Wereblood                Tmut           13%        N/A       5%          2
 Animate Skeleton         Necr           2%         N/A       26%         1
 Apportation              Tloc           2%         N/A       26%         1
 Corona                   Hex            1%         N/A       26%         1
 Pain                     Necr           4%         1d4       26%         1
 Summon Small Mammal      Summ           4%         N/A       26%         1
 Vampiric Draining        Necr           0%         2d6       58%         3
 Ice Form                 Ice/Tmut       7%         N/A       67%         4
 Animate Dead             Necr           0%         N/A       94%         4
 Agony                    Necr           1%         N/A       100%        5


Dungeon Overview and Level Annotations

Branches:
Dungeon (4/15)
 Temple: D:4-7

Altars:

Annotations:
D:2 Sigmund


Innate Abilities, Weirdness & Mutations

You have temporarily grown beastly horns.
((You are quick and stealthy near water. (Stealth+, EV+, Speed+++)))
Your lower body shifts to a powerful aquatic tail in water.


Message History

An orc is nearby!
Casting: Beastly Appendage (safe; 3% risk of failure)
Confirm with . or Enter, or press ? or * to list all spells.
You grow a pair of large bovine horns.
You barely miss the orc.
The orc hits you with a +0 mace of protection.
You hit the orc but do no damage.
The orc hits you with a +0 mace of protection.
You hit the orc.
The orc is heavily wounded.
The orc closely misses you.
You hit the orc but do no damage.
The orc is heavily wounded.
The orc closely misses you.
The orc priest looks satisfied for a moment.
You hit the orc. You punch the orc, but do no damage.
The orc is heavily wounded.
The orc closely misses you.
You barely miss the orc.
The orc is heavily wounded.
The orc hits you with a +0 mace of protection.
You hit the orc.
The orc is almost dead.
The orc closely misses you.
You closely miss the orc.
The orc is almost dead.
An orc priest comes into view. It is wielding a +0 club.
The orc hits you with a +0 mace of protection.
The orc priest calls down the wrath of Beogh upon you.
Beogh smites you!
You barely miss the orc.
The orc is almost dead.
You hit the orc.
You kill the orc!
Your transformation is almost over.
As you read the scroll of fog, it crumbles to dust.
The scroll dissolves into smoke.
The orc priest closely misses you.
The orc priest invokes the aid of Beogh against you.
Beogh smites you!
You die...

#)## ... #..#
#.# #..# #.#
#..######.#
######..#...##.#
.........###.#.#
#####§§.## ##..#
####§§.# #..#
#oo@§§.## ##.##
#o#####.###.##
#.# ##...## #.#
####.## ...
#..†#.# .[.
#.##.## .....
#.#### ....o #.#
##..o###.#


You could see 2 orc priests and an orc.

Vanquished Creatures
  A hound (D:3)
  A bullfrog skeleton (D:3)
  5 adders
  An ufetubus (D:3)
  5 orcs
  3 endoplasms
  A giant cockroach (D:1)
  2 goblins (D:3)
  3 hobgoblins
  7 jackals (D:1)
  2 quokkas (D:1)
  5 ball pythons
  3 bats
  4 frilled lizards
  3 kobolds
  3 rats (D:3)
49 creatures vanquished.

Vanquished Creatures (others)
  A frilled lizard (D:2)
  A rat (D:2)
2 creatures vanquished.

Grand Total: 51 creatures vanquished

Notes
Turn   | Place    | Note
-------+----------+-------------------------------------------
     0 | D:1      | Nattfarinn the Merfolk Transmuter began the quest for the
                  | Orb.
     0 | D:1      | Reached XP level 1. HP: 15/15 MP: 3/3
   631 | D:1      | Reached XP level 2. HP: 4/21 MP: 3/5
  1716 | D:1      | Reached XP level 3. HP: 27/27 MP: 4/6
  1800 | D:2      | Noticed Sigmund
  2001 | D:2      | You fall into a shaft and drop 1 floor!
  2147 | D:3      | HP: 1/28 [adder (4)]
  2564 | D:3      | Reached XP level 4. HP: 10/34 MP: 5/7
  3504 | D:3      | Learned a level 3 spell: Spider Form
  3525 | D:3      | Reached skill level 1 in Poison Magic
  3525 | D:3      | Reached XP level 5. HP: 33/41 MP: 8/8
  4013 | D:4      | Killed from afar by an orc priest

Illustrated notes

Levels and vault maps discovered:
D:1:      dpeg_arrival_line_fractal, layout_loops_cross
D:2:      layout_loops_ring, basic_ecumenical_altar, grunt_decor_arrowhead,
          lemuel_flame_loot_1, uniq_sigmund, uniq_natasha, uniq_robin
D:3:      layout_rooms
D:4:      layout_loops_ring, uniq_blork_the_orc, uniq_edmund,
          uniq_crazy_yiuf_cottage

Skill      XL: |  1  2  3  4 |
---------------+-------------+-----
Transmutations | 3 4 |  4.8
Fighting       | 2 3 |  3.2
Unarmed Combat | 4 |  4.1
Poison Magic   | 1 |  1.3
Dodging        | |  2.6
Spellcasting   | |  2.0

Action                   |  1- 3 |  4- 6 || total
-------------------------+-------+-------++-------
Melee: Unarmed           |   127 |    67 ||   194
       Headbutt          |    19 |     9 ||    28
       Punch             |     3 |     2 ||     5
 Cast: Beastly Appendage |    25 |    11 ||    36
  Use: Scroll            |       |     5 ||     5
 Stab: Sleeping          |     1 |     2 ||     3
Armor: Robe              |    15 |     7 ||    22
Dodge: Dodged            |    69 |    49 ||   118

Table legend: (Time is in decaauts)
 A = Elapsed time spent in this place.
 B = Non-inter-level travel time spent in this place.
 C = Inter-level travel time spent in this place.
 D = Time resting spent in this place.
 E = Time spent auto-exploring this place.
 F = Levels seen in this place.
 G = Mean time per level.
                   A        B        C        D        E       F      G
               +--------+--------+--------+--------+--------+-----+--------+
         Total |   4000 |   3975 |     25 |   2179 |   1375 |   4 | 1000.0 |
       Dungeon |   4000 |   3975 |     25 |   2179 |   1375 |   4 | 1000.0 |
               +--------+--------+--------+--------+--------+-----+--------+

Top non-repeatable levels by time:
     D:1: 1776 daAuts
     D:3: 1542 daAuts
     D:2: 599 daAuts
     D:4: 81 daAuts
